Map: Coda LE (Void)

Players

Bop - Winner!

  • Race: Protoss Protoss

apmfifty

  • Race: Terran Terran

VOD

Have the link to the VOD?

Description

Time

  • Played on: May 7, 2015, 3:20 a.m.
  • Length: 3:58
Show
View Real Time Build Order
Export as new Build Order

Bop Protoss - Winner!

Build Orders:  

Get SALT Encoding   

  12  0:00  Probe  
  13  0:15  Pylon  
  13  0:18  Probe  
  14  0:33  Probe (Chrono Boost)  
  14  0:34  Gateway  
  15  0:46  Probe (Chrono Boost)  
  15  0:48  Assimilator  
  16  0:55  Probe (Chrono Boost)  
  17  1:03  Probe  
  18  1:15  Probe  
  19  1:27  Probe  
  19  1:28  Cybernetics Core  
  20  1:39  Probe  
  21  1:40  Pylon  
  21  1:42  Gateway  
  21  1:57  Probe  
  22  2:04  Adept (Chrono Boost), Warp Gate  
  24  2:24  Probe, Assimilator  
  27  2:31  Zealot (Chrono Boost)  
  27  2:32  Adept (Chrono Boost)  
  27  2:36  Probe (Chrono Boost)  
  28  2:48  Probe (Chrono Boost)  
  28  2:56  Probe (Chrono Boost)  
  30  3:05  Probe (Chrono Boost)  
  30  3:06  Stargate  
  30  3:13  Pylon  
  30  3:31  Probe, Adept  
  33  3:43  Probe  
Show
View Real Time Build Order
Export as new Build Order

apmfifty Terran 

Build Orders: Reaper Expand 

Get SALT Encoding   

  12  0:00  SCV  
  13  0:13  SCV  
  14  0:18  Supply Depot  
  14  0:25  SCV  
  15  0:39  SCV  
  15  0:42  Barracks  
  16  0:45  Refinery  
  16  0:51  SCV  
  17  1:03  SCV  
  18  1:16  SCV  
  19  1:29  Orbital Command  
  19  1:30  Reaper  
  20  1:42  Engineering Bay  
  20  1:57  Command Center  
  20  2:01  SCV  
  21  2:12  Factory  
  21  2:20  Supply Depot  
  21  2:21  SCV  
  22  2:25  Marine  
  23  2:41  SCV  
  24  2:53  SCV  
  24  3:00  Widow Mine  
  24  3:01  Marine  
  24  3:03  Starport  
  27  3:05  SCV, Bunker  
  27  3:12  Orbital Command  
  28  3:18  SCV  
  28  3:19  Marine  
  30  3:30  SCV  
  33  3:35  Supply Depot  
  33  3:37  Marine  
  33  3:42  SCV  
Tags
 
Add a new tag
Caveats
  • Supply blocks, unpowered buildings, or Contaminate may cause inaccurate times.
  • Supply counts are checked every 10 seconds.